 Dungeon Crawl Stone Soup version 0.28.0 (webtiles) character file.

Game seed: 10472510841211873885

18 tizbic2 the Magician (level 2, -1/19 HPs)
             Began as a Demonspawn Hedge Wizard on Feb 5, 2022.
             Was a Follower of Nemelex Xobeh.
             Slain by a hobgoblin (5 damage)
             ... on level 1 of the Dungeon.
             The game lasted 00:03:26 (454 turns).

tizbic2 the Magician (Demonspawn Hedge Wizard)       Turns: 454, Time: 00:03:26

Health: -1/19      AC:  2    Str: 10    XL:     2   Next: 48%
Magic:  2/6        EV: 12    Int: 15    God:    Nemelex Xobeh [*.....]
Gold:   33         SH:  0    Dex: 12    Spells: 6/7 levels left

rFire   . . .      SeeInvis .   a - +0 dagger
rCold   . . .      Faith    .   (no shield)
rNeg    . . .      Spirit   .   b - +0 robe
rPois   .          Reflect  .   c - +0 hat
rElec   .          Harm     .   (no cloak)
rCorr   .          Rampage  .   (no gloves)
Will    .....                   (no boots)
Stlth   ++........              (no amulet)
HPRegen 0.06/turn               (no ring)
MPRegen 0.10/turn               (no ring)

@: no status effects
A: powered by death 1
a: Renounce Religion, Draw Escape, Draw Destruction, Draw Summoning


You were on level 1 of the Dungeon.
You worshipped Nemelex Xobeh.
Nemelex Xobeh was aware of your devotion.
You visited 1 branch of the dungeon, and saw 1 of its levels.

You collected 33 gold pieces.

Inventory:

Hand Weapons
 a - a +0 dagger (weapon)
Missiles
 g - 30 sling bullets
Armour
 b - a +0 robe (worn)
 c - a +0 hat (worn)
 e - a +0 leather armour
Scrolls
 f - a scroll of enchant weapon {unknown}
Potions
 d - a potion of brilliance {unknown}


   Skills:
 + Level 2.0 Dodging
 - Level 1.7 Stealth
 + Level 3.1 Spellcasting
 + Level 1.3 Conjurations
 + Level 1.3 Summonings
 + Level 1.2 Translocations


You had 6 spell levels left.
You knew the following spells:

 Your Spells              Type           Power      Damage    Failure   Level
a - Magic Dart            Conj           24%        1d4       11%         1

Your spell library contained the following spells:

 Spells                   Type           Power      Damage    Failure   Level
 Call Imp                 Summ           6%         N/A       17%         2
 Blink                    Tloc           12%        N/A       19%         2
 Slow                     Hex            8%         N/A       21%         1
 Conjure Flame            Conj/Fire      4%         6-21      41%         3
 Mephitic Cloud           Conj/Pois/Air  3%         N/A       43%         3


Dungeon Overview and Level Annotations

Branches:
Dungeon (1/15)

Altars:
Nemelex Xobeh


Innate Abilities, Weirdness & Mutations

You regenerate a little health from kills.


Message History

Press: ? - help, Shift-Dir - straight line, f - hobgoblin
Aim: a hobgoblin (100% to hit)
You miscast Magic Dart.
You are very lightly contaminated with residual magic.
Nothing appears to happen.
Casting: Magic Dart (safe; 11% risk of failure)
Confirm with . or Enter, or press ? or * to list all spells.
Aiming: Magic Dart (safe; 11% risk of failure)
Press: ? - help, Shift-Dir - straight line, f - quokka, p - hobgoblin
Aim: a quokka (100% to hit)
The magic dart hits the quokka.
The quokka is heavily wounded.
Aiming: Magic Dart (safe; 11% risk of failure)
Press: ? - help, Q - select action, (/) - cycle Shift-Dir - straight line, f - hobgoblin
Aim: a hobgoblin (100% to hit)
The magic dart hits the hobgoblin.
The hobgoblin is severely wounded.
You barely miss the hobgoblin.
The hobgoblin is severely wounded.
The hobgoblin barely misses you.
You barely miss the hobgoblin.
The hobgoblin is severely wounded.
The hobgoblin hits you.
You closely miss the quokka.
The quokka is heavily wounded.
The hobgoblin hits you. The quokka barely misses you.
A hobgoblin comes into view.
You closely miss the hobgoblin.
The hobgoblin is severely wounded.
The quokka bites you. The hobgoblin hits you. The quokka bites you.
* * * LOW HITPOINT WARNING * * *
Your magical contamination has completely faded away.
The hobgoblin shouts!
The hobgoblin hits you.
* * * LOW HITPOINT WARNING * * *
You hit the hobgoblin but do no damage.
The hobgoblin is severely wounded.
The hobgoblin hits you.
You die...
Your body disappears without a glow.

#P≈P#..........##
##P≈##...........
#.≈.#...8.....8.
##P≈.#...........
##..≈P##.....>.)..
##.PP≈PP#..........
#.PP†P..##.........
#####≈####..........
#.......@gr.8.....8.
#####....#...g......
##...##......#..
#...........# #
#...###.##..###
#........#.....
#...###.......#
#...# #.#..#........
#...# #.#.##..#.....


You could see a quokka and 2 hobgoblins.

Vanquished Creatures
  2 ball pythons (D:1)
  2 endoplasms (D:1)
  4 goblins (D:1)
  A jackal (D:1)
  A kobold (D:1)
  A quokka (D:1)
  2 bats (D:1)
  3 rats (D:1)
16 creatures vanquished.

Vanquished Creatures (others)
  A fungus (D:1)
1 creature vanquished.

Grand Total: 17 creatures vanquished

Notes
Turn   | Place    | Note
-------+----------+-------------------------------------------
     0 | D:1      | tizbic2 the Demonspawn Hedge Wizard began the quest for the
                  | Orb.
     0 | D:1      | Reached XP level 1. HP: 13/13 MP: 4/4
    79 | D:1      | Reached skill level 1 in Translocations
   296 | D:1      | Gained mutation: You regenerate a little health from kills.
                  | [demonic ancestry]
   296 | D:1      | Reached XP level 2. HP: 14/19 MP: 3/6
   409 | D:1      | Found a faded altar of an unknown god.
   412 | D:1      | Prayed at the altar of an unknown god.
   412 | D:1      | Became a worshipper of Nemelex Xobeh the Trickster
   412 | D:1      | Reached * piety under Nemelex Xobeh
   454 | D:1      | Slain by a hobgoblin

Illustrated notes

Levels and vault maps discovered:
D:1:      minmay_arrival_stone_box, layout_rooms,
          shapermc_ecumenical_altar_hornbeckon, st_stairs_1

Skill      XL: |  1  2 |
---------------+-------+-----
Translocations | 1 |  1.2
Dodging        | 2 |  2.0
Stealth        | |  1.7
Spellcasting   | |  3.1
Conjurations   | |  1.3
Summonings     | |  1.3

Action                   || total
-------------------------++-------
Melee: Dagger            ||    34
 Cast: Magic Dart        ||    24
Armor: Robe              ||     1
Dodge: Dodged            ||    20
